 Seeded DCSS version 0.30.0 (webtiles) character file.

Game seed: 8131803072720291533 (custom seed)

3987 lyrin the Markself (level 10, -8/60 HPs)
             Began as a Deep Elf Hunter on July 2, 2023.
             Was a Follower of Fedhas.
             Mangled by a meliai
             ... wielding a +2 hand axe of venom
              (10 damage)
             ... on level 9 of the Dungeon.
             The game lasted 00:21:09 (10195 turns).

lyrin the Markself (Deep Elf Hunter)               Turns: 10195, Time: 00:21:09

Health: -8/60      AC:  7    Str:  8    XL:     10   Next: 3%
Magic:  12/12      EV: 19    Int: 17    God:    Fedhas [*.....]
Gold:   401        SH:  0    Dex: 20    Spells: 9/9 levels left

rFire   . . .        a - +0 shortbow
rCold   + . .        (shield currently unavailable)
rNeg    . . .        c - +0 leather armour
rPois   .            r - +0 helmet
rElec   .            (no cloak)
rCorr   .            N - +2 pair of gloves
SInv    .            (no boots)
Will    +....        (no amulet)
Stlth   ++           w - +5 ring of evasion
HPRegen 0.30/turn    I - ring of protection from cold
MPRegen 0.13/turn

%: no passive effects
@: lethally poisoned (-8 -> -52)
A: no striking features
a: Renounce Religion


You were on level 9 of the Dungeon.
You worshipped Fedhas.
Fedhas was aware of your devotion.
You visited 2 branches of the dungeon, and saw 10 of its levels.
You also visited: Ossuary.

You collected 401 gold pieces.

Inventory:

Hand Weapons
 a - a +0 shortbow (weapon)
 n - a +3 short sword
 z - a +4 whip
Missiles
 m - 25 poisoned darts
 B - an atropa-tipped dart (quivered)
Armour
 c - a +0 leather armour (worn)
 r - a +0 helmet (worn)
 N - a +2 pair of gloves (worn)
Magical Staves
 e - a staff of air
Jewellery
 u - a ring of magical power
 w - a +5 ring of evasion (left hand)
 I - a ring of protection from cold (right hand)
 L - a ring of resist corrosion
 M - a ring of wizardry
Wands
 g - a wand of charming (6)
 t - a wand of iceblast (3)
 J - a wand of flame (4)
Scrolls
 b - 2 scrolls of immolation
 d - 3 scrolls of blinking
 i - a scroll of enchant armour {unknown}
 k - 2 scrolls of brand weapon
 l - 3 scrolls of magic mapping
 o - 2 scrolls of poison {unknown}
 q - 4 scrolls of amnesia
 x - 5 scrolls of fog {unknown}
 y - 3 scrolls of teleportation
 A - 2 scrolls of fear {unknown}
 C - 3 scrolls of identify
 E - 2 scrolls of vulnerability {unknown}
 F - a scroll of noise {unknown}
 O - a scroll of enchant weapon {unknown}
Potions
 f - 3 potions of lignification
 h - 2 potions of attraction {unknown}
 j - a potion of degeneration {unknown}
 p - 2 potions of curing
 s - 2 potions of mutation {unknown}
 v - a potion of resistance {unknown}
 D - 2 potions of heal wounds
 G - a potion of might {unknown}
 H - a potion of ambrosia {unknown}
Miscellaneous
 K - a phantom mirror (inert)


   Skills:
 + Level 5.6 Fighting
 + Level 15.4 Ranged Weapons
 - Level 0.5 Throwing
 + Level 3.0 Armour
 + Level 4.4 Dodging
 + Level 2.6 Stealth
 + Level 2.2 Evocations


You had 9 spell levels left.
You didn't know any spells.
Your spell library contained the following spells:

 Spells                   Type           Power      Damage    Failure   Level
 Magic Dart               Conj           0%         1d3       32%         1
 Call Imp                 Summ           0%         N/A       45%         2
 Call Canine Familiar     Summ           0%         N/A       69%         3
 Hailstorm                Conj/Ice       0%         3d3       69%         3
 Mephitic Cloud           Conj/Pois/Air  0%         N/A       69%         3
 Portal Projectile        Hex/Tloc       0%         N/A       69%         3
 Tukima's Dance           Hex            0%         N/A       69%         3
 Ice Form                 Ice/Tmut       0%         N/A       97%         4
 Leda's Liquefaction      Hex/Erth       0%         N/A       97%         4
 Blade Hands              Tmut           0%         N/A       100%        5
 Simulacrum               Ice/Necr       0%         N/A       100%        6


Dungeon Overview and Level Annotations

Branches:
Dungeon (9/15)             Temple (1/1) D:6             Orc (0/2) D:9
Ossuary (visited)
   Lair: D:8-11

Altars:
Ashenzari
Cheibriados
Fedhas
Gozag
Hepliaklqana
Makhleb
Okawaru
Ru
Sif Muna
Trog
Wu Jian
Yredelemnul
The Shining One

Shops:
D:3 *   D:4 !   D:7 ?

Annotations:
D:5 2 transporters, EllieRose's ghost, novice AtFi
D:6 2 transporters, caramel's ghost, novice GnWn
D:7 Joseph


Message History

No target in view!
Items here: )) [ †.
Something smites you!
Things that are here:
a +0 leather armour; a +0 hand axe Throw: 2 darts (atropa)
Press: ? - help, Q - select action, (/) - cycle Shift-Dir - straight line You throw an atropa-tipped dart.
Something hits you.
You are poisoned.
Something stings you.
You feel very sick. Something hits you!
Something stings you but does no damage.
Things that are here:
a +0 robe; a +0 dagger You feel very sick.
Something hits you but does no damage. Something barely misses you.
Things that are here:
a +0 plate armour; a +0 long sword
Aiming: Iceblast
Press: ? - help, Shift-Dir - straight line The mass of ice explodes!
The iceblast engulfs something.
You feel sick.
You hear a shout!
Something hits you!
You are lethally poisoned!
Something stings you.
* * * LOW HITPOINT WARNING * * *
You are more poisoned.
Something poisons you! Something hits you but does no damage.
You are more poisoned.
Something misses you.
Aiming: Iceblast
Press: ? - help, Shift-Dir - straight line The mass of ice explodes!
The iceblast engulfs something!!
* * * LOW HITPOINT WARNING * * *
You feel extremely sick. Something hits you!
You die...
Fedhas appreciates your contribution to the ecosystem.

.#).#.8o. '(...'.
######### #....8
#.......# #..#.#
#######.# ##....# #.#
##...(##############.#
##..#()()...([.....##.#
#..#..#########{...##.#
#.#...........'.@..##.#
#.##.#...######..<...[#
'.##.###...y.##...#####
#....# #####.######
#.##.#######.#
#..#......##.##
##..#####.##..## ##..#
#y.....# ##.# #......#


There were no monsters in sight!

Vanquished Creatures
  A troll (D:9)
  Prince Ribbit (D:6)
  2 steam dragons
  Menkaure (Ossuary)
  Duvessa (D:7)
  4 orc warriors
  2 sky beasts
  2 ice beasts
  An ogre (D:7)
  A centaur (D:8)
  Blork the orc (D:4)
  2 kobold brigands
  2 bullfrogs
  2 scorpions
  Dowan (D:7)
  A troll zombie (Ossuary)
  3 killer bees (D:7)
  5 howler monkeys
  2 centaur zombies (Ossuary)
  5 hounds
  3 jellies
  3 orc priests (D:9)
  3 iguanas
  11 orc wizards
  2 ogre zombies (Ossuary)
  6 mummies (Ossuary)
  Robin (D:2)
  8 adders
  3 white imps
  2 ufetubi
  4 adder zombies (Ossuary)
  3 worms
  32 orcs
  10 ball pythons
  7 endoplasms
  3 giant cockroaches
  15 goblins
  13 hobgoblins
  3 jackals (D:1)
  5 quokkas
  2 bats (D:1)
  4 frilled lizards
  2 gnoll zombies (Ossuary)
  6 goblin zombies (Ossuary)
  2 hobgoblin zombies (Ossuary)
  14 kobolds
  3 kobold zombies (Ossuary)
  7 quokka zombies (Ossuary)
  6 rats
  A rat zombie (Ossuary)
224 creatures vanquished.

Vanquished Creatures (collateral kills)
  A hornet (D:9)
1 creature vanquished.

Grand Total: 225 creatures vanquished

Notes
Turn   | Place    | Note
-------+----------+-------------------------------------------
     0 | D:1      | lyrin the Deep Elf Hunter began the quest for the Orb.
     0 | D:1      | Reached XP level 1. HP: 12/12 MP: 3/3
   149 | D:1      | Reached XP level 2. HP: 10/16 MP: 4/4
   186 | D:1      | Found a faded altar of an unknown god.
   187 | D:1      | Noticed a golden eye
   189 | D:1      | Noticed a shining eye
   189 | D:1      | Noticed an eye of devastation
   189 | D:1      | Noticed an eye of devastation
   201 | D:1      | Reached skill level 6 in Ranged Weapons
   440 | D:1      | Reached XP level 3. HP: 21/21 MP: 5/5
   951 | D:2      | Noticed Robin
   959 | D:2      | Killed Robin
   960 | D:2      | Reached XP level 4. HP: 23/26 MP: 6/6
  1168 | D:2      | Reached skill level 7 in Ranged Weapons
  1769 | D:3      | Found Uniathiy's General Store.
  1982 | D:3      | Reached XP level 5. HP: 28/30 MP: 7/7
  2017 | D:3      | Reached skill level 8 in Ranged Weapons
  2017 | D:3      | Reached skill level 1 in Armour
  2648 | D:4      | Noticed an orc warrior
  2719 | D:4      | Found Isotz's Distillery.
  2891 | D:4      | Noticed Blork the orc
  3514 | D:4      | Killed Blork the orc
  3515 | D:4      | Reached XP level 6. HP: 26/36 MP: 8/8
  3603 | D:5      | Entered Level 5 of the Dungeon
  4023 | D:5      | Reached skill level 9 in Ranged Weapons
  4388 | D:5      | Reached XP level 7. HP: 40/40 MP: 9/9
  4482 | D:5      | Found a transporter.
  4482 | D:5      | Noticed EllieRose's ghost (novice AtFi)
  4482 | D:5      | Identified the +9 dire flail of Mubreqaz {flame, rElec
                  | Str+3 Int-4 Dex+3}
  4489 | D:5      | Found a transporter.
  4496 | D:5      | Reached skill level 10 in Ranged Weapons
  4858 | D:6      | Found a transporter.
  4868 | D:6      | Noticed caramel's ghost (novice GnWn)
  4972 | D:6      | Found a sand-covered staircase.
  4978 | D:6      | Noticed a steam dragon
  4981 | Ossuary  | Entered an ossuary
  5155 | Ossuary  | Reached skill level 11 in Ranged Weapons
  5542 | Ossuary  | Reached XP level 8. HP: 44/46 MP: 10/10
  5607 | Ossuary  | Noticed Menkaure
  5616 | Ossuary  | Killed Menkaure
  5736 | D:6      | Reached skill level 12 in Ranged Weapons
  5883 | D:6      | Found a transporter.
  6193 | D:6      | Found a staircase to the Ecumenical Temple.
  6199 | Temple   | Entered the Ecumenical Temple
  6212 | Temple   | Became a worshipper of Fedhas Madash
  6588 | D:7      | Noticed Joseph
  6637 | D:7      | Noticed Prince Ribbit
  6648 | D:6      | Killed Prince Ribbit
  6649 | D:6      | Reached skill level 13 in Ranged Weapons
  6874 | D:6      | Reached skill level 1 in Evocations
  6874 | D:6      | Reached XP level 9. HP: 10/52 MP: 11/11
  7031 | D:7      | Noticed Duvessa
  7040 | D:7      | Killed Duvessa
  7055 | D:7      | Noticed Dowan
  7066 | D:7      | Killed Dowan
  7172 | D:7      | Reached skill level 14 in Ranged Weapons
  7231 | D:7      | Found Lidav's Magic Scroll Shop.
  7539 | D:7      | Reached skill level 5 in Fighting
  7688 | D:7      | Found an opulent altar of Gozag.
  8460 | D:8      | Reached * piety under Fedhas
  9316 | D:9      | Reached skill level 15 in Ranged Weapons
  9517 | D:9      | Noticed a troll
  9823 | D:9      | Killed a troll
  9833 | D:9      | Found a staircase to the Orcish Mines.
  9943 | D:9      | Paralysed by a hornet for 3 turns
  9958 | D:9      | Reached XP level 10. HP: 9/60 MP: 12/12
 10195 | D:9      | HP: 2/60 [poisoned by a meliai]
 10195 | D:9      | Mangled by a meliai

Illustrated notes

Levels and vault maps discovered:
D:1:      minmay_arrival_cross, layout_basic,
          hellmonk_ecumenical_altar_watching_god
D:2:      layout_loops_ring, minmay_tree_intersection, uniq_robin
D:3:      layout_basic, serial_shops, nicolae_shop_pleasant_corner_grove
D:4:      layout_basic, serial_shops, nicolae_shop_statue_plus,
          minmay_misc_feat_encased, uniq_blork_the_orc
D:5:      layout_basic, gammafunk_ghost_smash
D:6:      layout_basic, temple_fountains, nicolae_ossuary_entry_ruins,
          gammafunk_ghost_stat_death, serial_glass, glass_columns_a,
          glass_columns_a
D:7:      layout_layer_cave, marbit_many_paths, enter_bailey_2, serial_shops,
          shop, serial_bayou_pond_d, uniq_duvessa, uniq_prince_ribbit1,
          uniq_joseph
D:8:      layout_cave_pools
D:9:      minmay_the_grid_octo_tiled_octocenter [minmay_the_grid_octo_pinwheel,
          minmay_the_grid_octo_fan_narrow, minmay_the_grid_octo_teeth,
          minmay_the_grid_octo_77,
          minmay_the_grid_octo_prize_ultimate_mussel_roller,
          minmay_the_grid_square_5x5_two, minmay_the_grid_square_5x5_three,
          minmay_the_grid_square_5x5_two_walls_a,
          minmay_the_grid_square_5x5_fat_x], layout_basic, david_orc_5
Temple:   grunt_wide_crystal_templ

Skill      XL: |  1  2  3  4  5  6  7  8  9 |
---------------+----------------------------+-----
Ranged Weapons | 6 7 8 9 11 13 15 | 15.4
Fighting       | 2 3 4 5 |  5.6
Armour         | 1 2 3 |  3.0
Dodging        | 3 4 |  4.4
Evocations     | 1 2 |  2.2
Stealth        | 2 |  2.6
Throwing       | |  0.5

Action                     |  1- 3 |  4- 6 |  7- 9 | 10-12 || total
---------------------------+-------+-------+-------+-------++-------
  Melee: Short sword       |       |     7 |       |       ||     7
   Fire: Shortbow          |   113 |   180 |   512 |     8 ||   813
  Throw: Dart              |       |    10 |    40 |     1 ||    51
  Evoke: Wand              |       |       |    14 |     2 ||    16
         Phantom mirror    |       |       |     1 |       ||     1
    Use: Potion            |       |     1 |     1 |       ||     2
         Scroll            |       |     6 |     3 |       ||     9
 Armour: Leather armour    |    13 |     9 |    41 |     3 ||    66
  Dodge: Dodged            |    28 |    67 |   210 |     2 ||   307
